 Dungeon Crawl Stone Soup version 0.18.1-48-g4cf74bf (webtiles) character file.

1691 lifecoder the Cleaver (level 8, -9/60 HPs)
             Began as a Demonspawn Gladiator on July 23, 2016.
             Was an Initiate of Gozag.
             Mangled by a troll (12 damage)
             ... on level 7 of the Dungeon.
             The game lasted 00:15:51 (7901 turns).

lifecoder the Cleaver (Demonspawn Gladiator)        Turns: 7901, Time: 00:15:53

Health: -9/60      AC:  5    Str: 16    XL:     8   Next: 72%
Magic:  8/8        EV: 13    Int: 16    God:    Gozag
Gold:   125        SH:  0    Dex: 14    Spells: 0 memorised, 7 levels left

rFire  . . .     SeeInvis .     a - +0 war axe
rCold  . . .     Gourm    .     b - +0 leather armour
rNeg   . . .     Faith    .     (no shield)
rPois  .         Spirit   .     (helmet restricted)
rElec  .         Dismiss  .     (no cloak)
rCorr  .         Reflect  .     k - +0 pair of gloves
SustAt .         Harm     .     (no boots)
MR     .....                    (no amulet)
Stlth  ++........               (no ring)
                                (no ring)

@: brilliant, not resistant to hostile enchantments, unstealthy
A: antennae 2, rugged brown scales 1, nightstalker 1, rot immunity
a: Potion Petition, Call Merchant, Bribe Branch, Renounce Religion


You were on level 7 of the Dungeon.
You worshipped Gozag.
Gozag was noncommittal.
You were not hungry.

You visited 1 branch of the dungeon, and saw 7 of its levels.
You also visited: Ossuary.

You collected 1075 gold pieces.
You spent 304 gold pieces at shops.
You paid 646 gold pieces to Gozag.

Inventory:

Hand Weapons
 a - a +0 war axe (weapon)
Missiles
 d - 3 throwing nets (quivered)
Armour
 b - a +0 leather armour (worn)
 k - a +0 pair of gloves (worn)
Jewellery
 x - an uncursed ring of resist corrosion {unknown}
Wands
 v - a wand of random effects (14/48)
 y - a wand of polymorph (14/24)
 D - a wand of acid (6/15)
Scrolls
 c - 2 scrolls of noise {unknown}
 e - a scroll of blinking {unknown}
 f - a scroll of recharging {unknown}
 g - 4 scrolls of teleportation {unknown}
 h - 6 scrolls of identify
 l - 2 scrolls of random uselessness {unknown}
 m - a scroll of enchant armour {unknown}
 r - a scroll of remove curse {unknown}
 z - a scroll of immolation {unknown}
 A - a scroll of summoning {unknown}
 C - 2 scrolls of enchant weapon {unknown}
 G - a scroll of magic mapping {unknown}
Potions
 i - a potion of brilliance
 j - 2 potions of curing {unknown}
 n - a potion of magic {unknown}
 o - a potion of berserk rage {unknown}
 p - 3 potions of cure mutation {unknown}
 q - 2 potions of mutation {unknown}
 t - a potion of degeneration {unknown}
 u - 2 potions of cancellation {unknown}
 w - 3 potions of flight {unknown}
 B - 2 potions of heal wounds {unknown}
 H - a potion of might {unknown}
Books
 s - a book of Power

   Spells                             Type                      Level
   a - Fulminant Prism                Conjuration/Hexes            4
   b - Iskenderun's Mystic Blast      Conjuration                  4
   c - Venom Bolt                     Conjuration/Poison           5
   d - Bolt of Magma                  Conjuration/Fire/Earth       5
   e - Iron Shot                      Conjuration/Earth            6
   f - Orb of Destruction             Conjuration                  7
   g - Spellforged Servitor           Conjuration/Summoning        7
 I - a book of Death

   Spells                             Type                      Level
   a - Corpse Rot                     Necromancy                   2
   b - Sublimation of Blood           Necromancy                   2
   c - Agony                          Necromancy                   5
   d - Dispel Undead                  Necromancy                   5
   e - Excruciating Wounds            Charms/Necromancy            5
   f - Bolt of Draining               Conjuration/Necromancy       5
Comestibles
 E - 2 bread rations
 F - 5 fruits
 J - 3 beef jerkies
 M - 2 meat rations


   Skills:
 + Level 3.6 Fighting
 + Level 9.4 Axes
 - Level 1.7 Throwing
 + Level 2.3 Armour
 + Level 3.9 Dodging


You had 7 spell levels left.
You didn't know any spells.

Dungeon Overview and Level Annotations

Branches:
Dungeon (7/15)
 Temple: D:4-7

Altars:
Ashenzari
Dithmenos
Fedhas
Gozag
Kikubaaqudgha
Pakellas
Sif Muna
Yredelemnul
Zin
The Shining One

Shops:
D:4 ?   D:6 %

Annotations:
D:4 nice ? shop
D:6 unrecovered's ghost, novice TeMo


Innate Abilities, Weirdness & Mutations

You have a pair of antennae on your head.
You are partially covered in rugged brown scales (AC +1, +3% HP).
You are slightly more attuned to the shadows.
You are immune to rotting.


Message History

The troll claws you!
You closely miss the troll.
The troll is moderately wounded.
The troll bites you!
* * * LOW HITPOINT WARNING * * *
The troll barely misses you. The troll completely misses you.
You are too injured to fight recklessly!
You are too injured to fight recklessly!
You are too injured to fight recklessly!
You are too injured to fight recklessly!
You are too injured to fight recklessly!
You are too injured to fight recklessly!
Drink which item? (? for menu, Esc to quit)
It was a potion of brilliance.
You feel clever all of a sudden. The troll bites you but does no damage.
The troll claws you.
* * * LOW HITPOINT WARNING * * *
The troll claws you!
You die...
Your body crumbles into a pile of gold.

#.# #.# #.# #.#
####.# ..#.#
#.#<#
..#.#.#.#.#.# $
"....T@.......
$..#.#.###...#.
#. ..... ..
.... ..# ...#
... ..+ ..## $


You could see a troll.

Vanquished Creatures
  Sigmund (D:5)
  Menkaure (Ossuary)
  2 ogres
  2 phantoms (D:6)
  A centaur (D:5)
  A howler monkey (D:4)
  2 crimson imps
  A jelly (D:5)
  A centaur skeleton (D:5)
  5 centaur zombies (Ossuary)
  A giant frog skeleton (D:6)
  2 hounds
  4 orc wizards
  An orc priest (D:6)
  Natasha (thrice) (D:2)
  5 worker ants
  A hound zombie (D:5)
  6 mummies (Ossuary)
  3 gnolls (D:4)
  5 adders
  2 shadow imps
  2 oozes
  5 adder zombies (Ossuary)
  3 adder skeletons
  5 worms
  2 dart slugs
  3 giant geckos
  9 orcs
  8 bats
  9 giant cockroaches
  A gnoll zombie (Ossuary)
  9 goblins
  9 hobgoblins
  8 jackals
  9 kobolds
  2 quokkas
  A ball python (D:4)
  2 giant newts
  2 goblin zombies (Ossuary)
  4 hobgoblin zombies (Ossuary)
  A jackal zombie (D:6)
  3 kobold zombies (Ossuary)
  3 quokka zombies (Ossuary)
  5 rats
  5 rat zombies (Ossuary)
160 creatures vanquished.

Notes
Turn   | Place    | Note
--------------------------------------------------------------
     0 | D:1      | lifecoder the Demonspawn Gladiator began the quest for the Orb.
     0 | D:1      | Reached XP level 1. HP: 16/16 MP: 1/1
    78 | D:1      | Reached skill level 3 in Axes
   201 | D:1      | Gained mutation: You have a pair of small antennae on your head. [demonic ancestry]
   201 | D:1      | Reached XP level 2. HP: 14/22 MP: 2/2
   500 | D:1      | Gained mutation: You are immune to rotting. [demonic ancestry]
   500 | D:1      | Reached XP level 3. HP: 24/27 MP: 3/3
   849 | D:2      | Noticed Natasha
   856 | D:2      | Killed Natasha
   856 | D:2      | Reached skill level 4 in Axes
  1030 | D:2      | Noticed Natasha
  1045 | D:2      | Killed Natasha
  1045 | D:2      | Gained mutation: You have a pair of antennae on your head. [demonic ancestry]
  1045 | D:2      | Reached XP level 4. HP: 17/33 MP: 4/4
  1298 | D:2      | Noticed Natasha
  1305 | D:2      | Killed Natasha
  1305 | D:2      | Reached skill level 5 in Axes
  1538 | D:2      | Found a basalt altar of Yredelemnul.
  1538 | D:2      | Found an opulent altar of Gozag.
  1546 | D:2      | Became a worshipper of Gozag Ym Sagoz the Greedy
  1863 | D:2      | Found a deep blue altar of Sif Muna.
  2096 | D:3      | Gained mutation: You are partially covered in rugged brown scales (AC +1, +3% HP). [demonic ancestry]
  2096 | D:3      | Reached XP level 5. HP: 33/39 MP: 5/5
  2858 | D:4      | Reached skill level 6 in Axes
  2870 | D:4      | Found a shadowy altar of Dithmenos.
  3154 | D:4      | Gained mutation: You are slightly more attuned to the shadows. [demonic ancestry]
  3154 | D:4      | Reached XP level 6. HP: 21/45 MP: 6/6
  4063 | D:4      | Found Datiemyp's Magic Scroll Shop.
  4067 | D:4      | Bought a scroll of identify for 28 gold pieces
  4097 | D:4      | Reached skill level 7 in Axes
  4194 | D:5      | Entered Level 5 of the Dungeon
  4216 | D:5      | Reached XP level 7. HP: 41/51 MP: 7/7
  4229 | D:5      | Found a shattered altar of Ashenzari.
  4275 | D:5      | Noticed Sigmund
  4296 | D:5      | Killed Sigmund
  4303 | D:5      | Reached skill level 8 in Axes
  4637 | D:5      | Found a sand-covered staircase.
  4642 | Ossuary  | Entered an ossuary
  5348 | Ossuary  | Noticed Menkaure
  5638 | Ossuary  | Reached skill level 9 in Axes
  5638 | Ossuary  | Reached XP level 8. HP: 51/57 MP: 8/8
  5828 | Ossuary  | Killed Menkaure
  5828 | Ossuary  | Reached skill level 1 in Armour
  6436 | D:5      | Found a glowing golden altar of the Shining One.
  6439 | D:5      | Found an oddly glowing altar of Pakellas.
  6567 | D:6      | Noticed unrecovered's ghost (novice TeMo)
  6648 | D:6      | Found a glowing silver altar of Zin.
  7029 | D:6      | Found an ancient bone altar of Kikubaaqudgha.
  7030 | D:6      | Found a blossoming altar of Fedhas.
  7503 | D:6      | Bought a beef jerky for 18 gold pieces
  7503 | D:6      | Bought a royal jelly for 24 gold pieces
  7503 | D:6      | Bought a beef jerky for 18 gold pieces
  7503 | D:6      | Bought a beef jerky for 18 gold pieces
  7503 | D:6      | Bought a slice of pizza for 18 gold pieces
  7503 | D:6      | Bought a bread ration for 60 gold pieces
  7503 | D:6      | Bought a meat ration for 60 gold pieces
  7503 | D:6      | Bought a meat ration for 60 gold pieces
  7894 | D:7      | Noticed a troll
  7901 | D:7      | HP: 3/60 [troll (5)]
  7901 | D:7      | Mangled by a troll

Skill      XL: |  1  2  3  4  5  6  7  8 |
---------------+-------------------------+-----
Axes           | 3 4 5 6 7 9 |  9.4
Armour         | 2 |  2.3
Dodging        | 3 |  3.9
Fighting       | 3 |  3.6
Throwing       | |  1.7

Action                   |  1- 3 |  4- 6 |  7- 9 || total
-------------------------+-------+-------+-------++-------
Melee: War axe           |    93 |   221 |   325 ||   639
Invok: Potion Petition   |       |       |     1 ||     1
       Call Merchant     |       |       |     1 ||     1
  Use: Potion            |       |       |     1 ||     1
 Stab: Sleeping          |       |     2 |    16 ||    18
       Invisible         |       |       |     5 ||     5
  Eat: Bread ration      |       |     2 |     1 ||     3
       Chunk             |       |     1 |       ||     1
       Beef jerky        |       |       |     1 ||     1
       Meat ration       |       |       |     1 ||     1
       Royal jelly       |       |       |     1 ||     1
       Pizza             |       |       |     1 ||     1
Armor: Leather armour    |    26 |    71 |    64 ||   161
Dodge: Dodged            |    58 |   166 |   197 ||   421
